Cogmind - Beta 9.6 @@@ ROGUE MODE // 2020.09.09 @ 14:21:17 Player: Kiwi La Croix Result: Destroyed by S-10 Pest with Light Assault Rifle Performance ------------- Evolutions (0) 0 Regions Visited (2) 400 Robots Destroyed (7) 35 Value Destroyed (124) 124 Prototype IDs (0) 0 Alien Tech Used (0) 0 Bonus (0) 0 TOTAL SCORE: 559 Bonus ------- None Cogmind --------- Core Integrity 0/250 Matter 291/300 Energy 92/100 System Corruption 0% Temperature Cool (0) Movement Core (150) Ox2 Location -10/Mines Parts ------- > --- POWER (1) -------- (None) > --- PROPULSION (2) --- (None) > --- UTILITY (2) ------ Medium Storage Unit Visual Processing Unit > --- WEAPON (2) ------- Small Laser > --- INVENTORY (8) ---- Aluminum Leg Peak State ------------ > --- POWER ------------ Light Ion Engine > --- PROPULSION ------- Aluminum Leg Aluminum Leg > --- UTILITY ---------- Visual Processing Unit Light Armor Plating > --- WEAPON ----------- EM Pulse Gun Light Assault Rifle > --- INVENTORY -------- Aluminum Leg Hover Unit Small Laser Light Assault Rifle [Rating: 8] Favorites ----------- Power Light Ion Engine Engine Light Ion Engine Propulsion Aluminum Leg Leg Aluminum Leg Wheel Wheel Utility Light Armor Plating Storage Medium Storage Unit Processor Visual Processing Unit Protection Light Armor Plating Weapon EM Pulse Gun Energy Gun EM Pulse Gun Ballistic Gun Light Assault Rifle Build | -11 -10 -10 ------- Run | Scr Mat Min Slots Evolved . | . . . Power . | . . . Propulsion . | . . . Utility . | . . . Weapon . | . . . Parts Attached 13 | 7 3 3 Power 1 | 1 . . Engine 1 | 1 . . Core . | . . . Reactor . | . . . Propulsion 5 | 5 . . Treads . | . . . Leg 3 | 3 . . Wheel 2 | 2 . . Hover . | . . . Flight . | . . . Utility 3 | . 2 1 Device . | . . . Storage 1 | . . 1 Processor 1 | . 1 . Hackware . | . . . Protection 1 | . 1 . Artifact . | . . . Weapon 4 | 1 1 2 Energy Gun 2 | 1 . 1 Energy Cannon . | . . . Ballistic Gun 2 | . 1 1 Ballistic Cannon . | . . . Launcher . | . . . Special Weapon . | . . . Impact Weapon . | . . . Slashing Weapon . | . . . Piercing Weapon . | . . . Special Melee Weapon . | . . . Unidentified Prototypes . | . . . Parts Lost 6 | . . 6 Power 1 | . . 1 Propulsion 2 | . . 2 Utility 1 | . . 1 Weapon 2 | . . 2 Highest Loss Streak 5 | . . 5 Average Slot Usage (%) 88 | . 89 78 Engine 13 | . 14 8 Leg 27 | . 28 21 Storage 1 | . . 12 Processor 7 | . 6 14 Protection 11 | . 13 1 Energy Gun 13 | . 14 10 Ballistic Gun 12 | . 12 8 Naked Turns . | . . . Heaviest Build 14 | 5 9 14 Greatest Support 20 | 20 20 20 Greatest Overweight (x) 3 | . . 3 Average Overweight (x) . | . . . Largest Inventory Capacity 8 | 4 4 8 Average Capacity 4 | 4 4 7 Most Carried 4 | 4 4 4 Average Carried 3 | 2 3 2 Final Capacity 8 | 4 4 8 Final Carried 4 | 3 4 1 Class Distribution -------------------- 100% | Mutant Dominant Class ---------------- Mutant | -10/Materials Mutant | -10/Mines Resources | -11 -10 -10 ----------- Run | Scr Mat Min Matter Collected 331 | 270 49 12 Remotely . | . . . Salvage Created 158 | 36 110 12 Parts 14 | 2 9 3 Haulers Intercepted . | . . . Recyclers Shooed . | . . . Parts Field Recycled . | . . . Retrieved Matter . | . . . Parts Self-Destructed . | . . . Prevented . | . . . Kills | -11 -10 -10 ------- Run | Scr Mat Min Combat Hostiles Destroyed 6 | 1 4 1 Guns 6 | 1 4 1 Classes Destroyed 3 | 1 2 . Watcher 1 | . 1 . Swarmer 4 | . 3 1 Grunt 2 | 1 1 . Best Kill Streak 3 | 1 3 1 Combat Bots Only 3 | 1 3 1 Max Kills in Single Turn 1 | 1 1 1 Gunslinging . | . . . Exploded . | . . . Melee . | . . . Uniques/NPCs Destroyed . | . . . Combat | -11 -10 -10 -------- Run | Scr Mat Min Damage Taken 791 | 22 168 601 Core 251 | . 13 238 Absorbed by Shields . | . . . Core Remaining (%) 100 | 100 . . Volleys Fired 27 | 2 20 5 Largest 2 | 1 2 2 Hottest 60 | 40 60 60 Shots Fired 50 | 2 40 8 Gun 50 | 2 40 8 Cannon . | . . . Launcher . | . . . Special . | . . . Kinetic 23 | . 20 3 Thermal 2 | . . 2 Explosive . | . . . Electromagnetic 25 | 2 20 3 Robot Hit Streak 5 | 2 5 2 Robot Miss Streak 5 | . 5 4 Penetration Max . | . . . Secondary Targets . | . . . Shots Hit Robots 23 | 2 18 3 Core Hits 10 | 2 7 1 Critical Hits . | . . . Critical Kills . | . . . Critical Parts Destroyed . | . . . Melee Attacks . | . . . Impact . | . . . Slashing . | . . . Piercing . | . . . Sneak Attacks . | . . . Combat Hostiles . | . . . Follow-up Attacks . | . . . Damage Inflicted 323 | 26 267 30 Guns 276 | 26 220 30 Cannons . | . . . Explosions 47 | . 47 . Melee . | . . . Ramming . | . . . Kinetic 45 | . 38 7 Thermal 59 | . 47 12 Explosive . | . . . Electromagnetic 219 | 26 182 11 Impact . | . . . Slashing . | . . . Piercing . | . . . Highest Corruption . | . . . Average Corruption . | . . . Corruption Purged . | . . . Overload Shots . | . . . Overflow Damage 13 | . 13 . Projectiles . | . . . Explosions 13 | . 13 . Melee . | . . . Knockbacks . | . . . Impact . | . . . Kinetic . | . . . Secondary . | . . . Self-Inflicted Damage 27 | . 27 . Shots 1 | . 1 . Rammed . | . . . Targets Rammed . | . . . Kicked . | . . . Crushed . | . . . Highest Temperature 118 | 12 118 32 Average Temperature 41 | 9 47 14 Received Heat Transfer 122 | 12 30 80 Siege Activations . | . . . Robots Corrupted . | . . . Combat Hostiles . | . . . Parts Fried . | . . . Impact Corruptions . | . . . Robots Melted . | . . . Combat Hostiles . | . . . Parts Melted . | . . . Heat Transferred 75 | . 50 25 Parts Sabotaged . | . . . Parts Stolen . | . . . Parts Stripped . | . . . Power Chain Reactions 1 | . 1 . Missiles Intercepted . | . . . Alert | -11 -10 -10 ------- Run | Scr Mat Min Peak Influence 244 | 20 244 27 Average Influence 80 | 2 104 12 Maximum Alert Level 1 | . 1 . Low Security (%) 92 | 100 90 100 Level 1 7 | . 10 . Level 2 . | . . . Level 3 . | . . . Level 4 . | . . . Level 5 . | . . . High Security . | . . . Max Security . | . . . Squads Dispatched 1 | . 1 . Investigation . | . . . Extermination . | . . . Reinforcement 1 | . 1 . Assault . | . . . Garrison . | . . . Intercept . | . . . Construction Impeded . | . . . Haulers Reinforced . | . . . Stealth | -11 -10 -10 --------- Run | Scr Mat Min Distress Signals 1 | . 1 . Communications Jammed . | . . . Distress Signals . | . . . Times Spotted 28 | 1 11 16 Peak Tracking Total 9 | 1 5 9 Tactical Retreats 1 | . . 1 Traps | -11 -10 -10 ------- Run | Scr Mat Min Traps Triggered . | . . . Indirectly . | . . . Trap Hack Attempts . | . . . Triggered . | . . . Disarmed . | . . . Reprogrammed . | . . . Reused . | . . . Traps Extracted . | . . . Installed . | . . . Triggered . | . . . Machines | -11 -10 -10 ---------- Run | Scr Mat Min Machines Disabled . | . . . Max in Single Turn . | . . . Machines Sabotaged . | . . . Garrisons Compromised . | . . . Overloaded Fab Kills . | . . . Fab Network Shutdowns . | . . . Hacking | -11 -10 -10 --------- Run | Scr Mat Min Machines Accessed 3 | . 3 . Terminals 3 | . 3 . Fabricators . | . . . Repair Stations . | . . . Recycling Units . | . . . Scanalyzers . | . . . Garrison Access . | . . . Total Hacks 6 | . 6 . Successful 4 | . 4 . Failed 2 | . 2 . Catastrophic . | . . . Database Lockouts . | . . . Manual 1 | . 1 . Terminals 6 | . 6 . Fabricators . | . . . Repair Stations . | . . . Recycling Units . | . . . Scanalyzers . | . . . Garrison Access . | . . . Terminal Hacks 4 | . 4 . Record 3 | . 3 . Locate Traps 1 | . 1 . Fabricator Hacks . | . . . Repair Station Hacks . | . . . Recycling Unit Hacks . | . . . Scanalyzer . | . . . Garrison Access Hacks . | . . . Unauthorized Hacks . | . . . Terminals . | . . . Fabricators . | . . . Repair Stations . | . . . Recycling Units . | . . . Scanalyzers . | . . . Garrison Access . | . . . Data Cores Recovered . | . . . Used . | . . . Hacking Detections 1 | . 1 . Full Trace Events . | . . . Feedback Events . | . . . Feedback Blocked . | . . . Robot Schematics Acquired . | . . . Robots Built . | . . . Matter . | . . . Time . | . . . Total Robot Build Rating . | . . . Part Schematics Acquired . | . . . Parts Built . | . . . Matter . | . . . Time . | . . . Total Part Build Rating . | . . . Parts Repaired . | . . . Time . | . . . Parts Recycled . | . . . Recycled Matter . | . . . Retrieved Matter . | . . . Retrieved Components . | . . . Parts Scanalyzed . | . . . Part Schematics Acquired . | . . . Parts Damaged . | . . . Bothacking | -11 -10 -10 ------------ Run | Scr Mat Min Used RIF Installer . | . . . Robots Hacked . | . . . Non-combat . | . . . Combat . | . . . Robot Hacks Applied . | . . . Relay Couplers Released . | . . . Robots Rewired . | . . . Allies Hacked . | . . . Hacks Repelled . | . . . Allies | -11 -10 -10 -------- Run | Scr Mat Min Total Allies . | . . . Largest Group . | . . . Highest-Rated Group . | . . . Highest-Rated Ally . | . . . Total Orders . | . . . Ally Attacks . | . . . Total Damage . | . . . Kills . | . . . Allies Corrupted . | . . . Allies Melted . | . . . Intel | -11 -10 -10 ------- Run | Scr Mat Min Robot Analysis Total . | . . . Derelict Logs Recovered . | . . . Drone Launches . | . . . Drone Recoveries . | . . . Exploration | -11 -10 -10 ------------- Run | Scr Mat Min Turns Passed 658 | 77 500 81 Spaces Moved 486 | 82 352 52 Core 42 | 35 . 7 Treads . | . . . Legs 401 | 4 352 45 Wheels 43 | 43 . . Hover . | . . . Flight . | . . . Fastest Speed 50 | 50 120 120 Average Speed 112 | 69 120 126 Slowest Speed 200 | 120 120 200 Overloaded Moves . | . . . Propulsion Burnouts . | . . . Robots Hopped . | . . . Cave-ins Triggered . | . . . Exploration Rate (%) 23 | 8 45 18 Regions Visited 2 Branch Regions 1 Pre-discovered Areas . | . . . Known Exits Taken . | . . . Unknown Exits Taken 2 | 1 1 . Scrap Searched . | . . . Spaces Dug . | . . . Terrain Destroyed 6 | . 6 . Melee . | . . . Projectile . | . . . AOE 6 | . 6 . Actions | -11 -10 -10 --------- Run | Scr Mat Min Total 556 | 102 393 61 Wait 15 | . 14 1 Move 484 | 81 351 52 Hop . | . . . Pick Up 13 | 9 4 . Fast Attach 1 | . 1 . Attach 12 | 7 2 3 Detach 1 | 1 . . Swap . | . . . Drop 3 | 2 1 . Fire 27 | 2 20 5 Melee . | . . . Ram . | . . . Kick . | . . . Crush . | . . . Escape Stasis . | . . . Rewire . | . . . Trap . | . . . Miscellaneous . | . . . Route ------- -11/Scrapyard -10/Materials (discovered 2 exits: [*Min x2]) -10/Mines History --------- Turn | Location | Event 2 | -11/Scrapyard | Met Revision 17 57 | -11/Scrapyard | Discovered new exit (range 8) 78 | -11/Scrapyard | Entered Materials 313 | -10/Materials | Build established: Mutant 508 | -10/Materials | Discovered new exit (range 7) 560 | -10/Materials | Discovered new exit (range 13) 578 | -10/Materials | Entered Mines 579 | -10/Mines | Assembled infested the area 584 | -10/Mines | Assisted by a Guerilla fighting off Assembled 626 | -10/Mines | Core integrity fell below 50% 653 | -10/Mines | Core integrity fell below 20% 659 | -10/Mines | Destroyed by S-10 Pest with Light Assault Rifle Last Messages --------------- 00585_ HV Slug penetrates S-10 Pest. 00585_ S-10 Pest destroyed. 00597_ K3-HHT(h) destroyed. 00604_ as-45574 sneak attacks. 00604_ T-07 Excavator system corrupted by crushing effect. 00605_ T-07 Excavator system terminally corrupted. 00613_ Lgt. Assault Rifle destroyed. 00621_ EM Pulse Gun destroyed. 00622_ Lgt. Ion Engine destroyed. 00623_ Aluminum Leg destroyed. 00630_ S-10 Pest destroyed. 00632_ S-10 Pest knocked back. 00633_ S-10 Pest destroyed. 00642_ Aluminum Leg destroyed. 00647_ K-01 Serf collects debris. 00650_ S-10 Pest destroyed. 00650_ K-01 Serf collects debris. 00653_ Acquired 12 matter. 00657_ K-01 Serf collects debris. 00658_ Lgt. Assault Rifle severed. Map ----- +----------------------------------------------------+ | ????????????????????#=%[]= #?????????? | | ????????????????????##*%! #?????????? | | ?????????????????????############### #?????????? | | ???????????????????????????????????#%#?????????? | | ???????????????????????????????????# #####?????? | | ???????????????????????????????????# ## ##????? | | ???????????????????????????????????# #????? | | ???????????????????????????????????# #????? | | ???????????????????????????????????## #????? | | ????????????????????????###?????????## ##???? | | ????????????????????????? #?????????## #???? | | ?????????????????????????? #####?????## #???? | | ??????????????????????????? ###???## #???? | | ???????????????????????????? ##??# ##??? | | ????????????????????????????? #??# #??? | | ?????????????????????????????# #??## #??? | | ????????????????????????????## #???# ##??? | | ???????????????????????????## #????# ##???? | | ????????????????????????#### #??### #????? | | ????????????????????????# #### #????? | | ????????????????????????# ##### =*## #????? | | ????????????????????????# #?## ==% #????? | | ????????????????????????### #??# %= ##????? | | ??????????????????????????#*#??## * ##?????? | | ????????????????### ####### #???##%= ##??????? | | ?????????????# s @a[#????#######???????? | | ????????????????###########a#??????????????????? | | ??????????????????????????# #??????????????????? | | ??????????????????????????# ??????????????????? | | ?????????????????????????? ?????????????????? | | ?????????????????????????? #????????????????? | | ?????????????????????????? ????????????????? | | ?????????????????????????? ? ???????????????? | | ?????????????????????????? ? ??????????????? | | ?????????????????????????? ? ??????????????? | | ?????????????????????????? #? ?????????????? | | ??????????????????????????# #?? ????????????? | | ??????????????????????????? #?? ????????????? | | ??????????????????????????? #??? ???????????? | | ??????????????????????????? ????# ???????????? | | ??????????????????????????? ??????????????????? | | ??????????????????????????? ??????????????????? | | ???????????????????????????????????????????????? | | ???????????????????????????????????????????????? | | ???????????????????????????????????????????????? | | ???????????????????????????????????????????????? | | ???????????????????????????????????????????????? | | ???????????????????????????????????????????????? | | ???????????????????????????????????????????????? | | ???????????????????????????????????????????????? | +----------------------------------------------------+ Best States ------------- Heat Dissipation 25 Energy Generation 10 Energy Capacity 125 Matter Stores 300 Matter Capacity 300 Sight Range 18 Terrain Scan Density 10 Armor Coverage 150 Evasion (%) 50 Item Schematics ----------------- None Robot Schematics ------------------ None Fabricated ------------ Nothing Alien Tech Used ----------------- None Achievements -------------- Storm Trooper Uninvited Guest Challenges ------------ None Game ------ Seed FactoryRefineryPod Manual? 0 Play Time 00:25:09 Cumulative 2.3 hours Start 2020.09.09 @ 13:17:24 End 2020.09.09 @ 14:21:17 Sessions 1 Manual Loads 0 Difficulty Rogue Special Mode None Game No. 2 Rogue 2 Adventurer 0 Explorer 0 Win Type - Total 0 Types 0/0/0/0/0/0/0 Lore% 4 Gallery% 2 Achievement% 4 Wizard Run 0 Options --------- ASCII 0 Keyboard 0 Movement Numpad Keybinds 0 Fullscreen 2 Font 18/Terminus Map View 112x50 Tactical HUD 1 Map Filters NONE Filters NONE Steam 1 RUN: 24fc8e0e-53e6-47d1-9152-3adeb6f66124